 Dungeon Crawl Stone Soup version 0.30-a0-782-ge64f9170bb (webtiles) character file.

Game seed: 4500598444087819068

3520 epen the Magician (level 10, -3/77 HPs)
             Began as a Gnoll Warper on Mar 4, 2023.
             Was an Initiate of Makhleb.
             Shot with a bolt by an orc warrior (16 damage)
             ... on level 7 of the Dungeon.
             The game lasted 00:09:20 (7245 turns).

epen the Magician (Gnoll Warper)                    Turns: 7245, Time: 00:09:21

Health: -3/77      AC: 10    Str: 10    XL:     10   Next: 8%
Magic:  20/20      EV: 14    Int: 14    God:    Makhleb [......]
Gold:   435        SH:  0    Dex: 15    Spells: 18/23 levels left

rFire   . . .      SeeInvis .    h - +6 dagger
rCold   . . .      Faith    .    (no shield)
rNeg    . . .      Spirit   .    t - +3 leather armour {rPois}
rPois   +          Reflect  .    k - +1 helmet
rElec   .          Harm     .    (no cloak)
rCorr   .          Rampage  .    u - +0 pair of gloves
Will    .....                    (no boots)
Stlth   +++                      r - amulet of the acrobat
HPRegen 0.32/turn                e - +4 ring of slaying
MPRegen 0.17/turn                j - ring of flight

@: flying
A: fangs 1, strong nose, distributed training
a: Renounce Religion


You were on level 7 of the Dungeon.
You worshipped Makhleb.
Makhleb was noncommittal.
You visited 2 branches of the dungeon, and saw 8 of its levels.
You also visited: Sewer.

You collected 435 gold pieces.

Inventory:

Hand Weapons
 a - a +0 falchion
 g - a +2 short sword of protection
 h - a +6 dagger (weapon)
Missiles
 d - 7 boomerangs of dispersal (quivered)
 f - 10 poisoned darts
 y - a throwing net
Armour
 b - a +0 leather armour
 k - a +1 helmet (worn)
 p - a +0 ring mail
 t - a +3 leather armour of poison resistance (worn)
 u - a +0 pair of gloves (worn)
Jewellery
 e - a +4 ring of slaying (left hand)
 j - a ring of flight (right hand)
 o - an amulet of magic regeneration
 q - a ring of wizardry
 r - an amulet of the acrobat (around neck)
 E - a ring of positive energy
Wands
 x - a wand of light (7)
Scrolls
 c - a scroll of blinking
 n - a scroll of fog
 A - 3 scrolls of enchant weapon
 B - a scroll of teleportation
 D - a scroll of fear
Potions
 i - 3 potions of attraction
 l - a potion of cancellation {unknown}
 m - 2 potions of curing
 s - a potion of resistance
 v - a potion of ambrosia
 w - a potion of lignification {unknown}
 z - 2 potions of heal wounds
 C - a potion of haste {unknown}
 F - a potion of berserk rage {unknown}
 G - a potion of might {unknown}


   Skills:
 + Level 6.9 Fighting
 + Level 5.1 Short Blades
 + Level 6.9 Long Blades
 + Level 5.1 Axes
 + Level 5.1 Maces & Flails
 + Level 5.1 Polearms
 + Level 5.1 Staves
 + Level 5.1 Ranged Weapons
 + Level 5.8 Throwing
 + Level 5.8 Armour
 + Level 6.9 Dodging
 + Level 5.1 Stealth
 + Level 5.1 Shields
 + Level 5.1 Unarmed Combat
 + Level 7.2 Spellcasting
 + Level 4.2 Conjurations
 + Level 4.2 Hexes
 + Level 4.2 Summonings
 + Level 4.2 Necromancy
 + Level 7.0 Translocations
 + Level 4.2 Transmutations
 + Level 4.2 Fire Magic
 + Level 4.2 Ice Magic
 + Level 4.2 Air Magic
 + Level 4.2 Earth Magic
 + Level 4.2 Poison Magic
 + Level 5.6 Invocations
 + Level 5.1 Evocations


You had 18 spell levels left.
You knew the following spells:

 Your Spells              Type           Power      Damage    Failure   Level
a - Blink                 Tloc           48%        N/A       1%          2
b - Teleport Other        Tloc           24%        N/A       3%          3

Your spell library contained the following spells:

 Spells                   Type           Power      Damage    Failure   Level
 Apportation              Tloc           48%        N/A       1%          1
 Lesser Beckoning         Tloc           48%        N/A       1%          2
 Foxfire                  Conj/Fire      64%        2x1d7     3%          1
 Kiss of Death            Conj/Necr      64%        2d10      3%          1
 Necrotise                Necr           64%        1d7       3%          1
 Sandblast                Erth           32%        2d9       3%          1
 Summon Small Mammal      Summ           64%        N/A       3%          1
 Passwall                 Tmut/Erth      13%        N/A       4%          2
 Vhi's Electric Charge    Tloc/Air       40%        N/A       5%          3
 Stone Arrow              Conj/Erth      32%        3d9       10%         3
 Manifold Assault         Tloc           24%        N/A       10%         4
 Fireball                 Conj/Fire      8%         3d6       65%         5
 Starburst                Conj/Fire      8%         6d4       99%         6


Dungeon Overview and Level Annotations

Branches:
Dungeon (7/15)             Temple (1/1) D:6           Sewer (visited)

Altars:
Dithmenos
Elyvilon
Fedhas
Gozag
Hepliaklqana
Kikubaaqudgha
Makhleb
Nemelex Xobeh
Ru
Sif Muna
Trog
Uskayaw
Zin
The Shining One

Shops:
D:3 *


Innate Abilities, Weirdness & Mutations

You have very sharp teeth.
Your uncanny sense of smell can sniff out nearby items.
Your experience applies equally to all skills.


Message History

The orc warrior hits you with a +0 scimitar.
You hit the orc warrior.
The orc warrior is heavily wounded.
You closely miss the orc warrior.
The orc warrior is heavily wounded.
The orc priest barely misses you. The orc misses you.
An orc comes into view. It is wielding a +0 war axe.
You barely miss the orc warrior.
The orc warrior is heavily wounded.
The orc hits you with a +0 club. The orc priest barely misses you.
The orc warrior barely misses you.
You hit the orc warrior but do no damage.
You punch the orc warrior.
The orc warrior is severely wounded.
The hound barely misses you. The orc closely misses you.
The orc hits you with a +0 hand axe.
The orc warrior hits you with a +0 scimitar.
The orc priest barely misses you.
You hit the orc warrior.
The orc warrior is almost dead.
The hound barely misses you.
You hit the orc warrior.
The orc warrior is almost dead.
The hound closely misses you. The orc hits you but does no damage.
The orc priest mumbles some strange prayers to Beogh against you.
Pain shoots through your body! The orc hits you with a +0 hand axe.
The orc warrior hits you with a +0 scimitar!
* * * LOW HITPOINT WARNING * * *
The hound misses you.
You are too injured to fight recklessly!
You are too injured to fight recklessly!
Blink to where?
Press: ? - help, Dir - move target
As you read the scroll of blinking, it crumbles to dust.
The orc priest calls down the wrath of Beogh upon you.
Beogh smites you!
* * * LOW HITPOINT WARNING * * *
The orc warrior unwields a +0 scimitar.
The orc warrior wields a +0 arbalest.
The orc warrior shoots a bolt.
The bolt hits you!
You die...

#..# ##... .... # #..
.. #)# #.######)# .
#....##..####
....######....#).o##
#....<..@......oo#
#######.......ho.o....#
#........oo..o...
#................
##..........####.
......#...#.#
.....#####..# ..... .##


You could see an orc warrior, a hound, an orc priest and 2 orcs.

Vanquished Creatures
  Pikel (D:4)
  Grinder (D:4)
  Menkaure (D:5)
  Edmund (D:4)
  3 water moccasins
  Duvessa (D:5)
  A black bear (D:3)
  2 orc warriors
  A sky beast (D:6)
  3 ogres
  A centaur (D:5)
  A lemure (D:4)
  A kobold brigand (D:7)
  A necrophage (D:4)
  2 bullfrogs
  2 scorpions (D:5)
  Dowan (D:5)
  A howler monkey (D:5)
  A vampire bat (D:3)
  3 orc priests
  A hound (D:4)
  A jelly (D:5)
  2 gnoll boudas (D:5)
  Ijyb (D:4)
  Terence (D:3)
  6 iguanas
  6 orc wizards
  Robin (D:3)
  12 gnolls
  2 river rats (D:3)
  4 adders
  2 white imps
  An ufetubus (D:6)
  3 worms
  19 orcs
  19 ball pythons
  2 bat skeletons (D:3)
  5 bat zombies (D:3)
  12 endoplasms
  11 giant cockroaches
  14 goblins
  14 hobgoblins
  6 jackals
  16 quokkas
  2 training dummies (D:5)
  8 bats
  15 frilled lizards
  10 kobolds
  8 rats
233 creatures vanquished.

Vanquished Creatures (others)
  A fungus (D:1)
  14 plants
15 creatures vanquished.

Grand Total: 248 creatures vanquished

Notes
Turn   | Place    | Note
-------+----------+-------------------------------------------
     0 | D:1      | epen the Gnoll Warper began the quest for the Orb.
     0 | D:1      | Reached XP level 1. HP: 20/20 MP: 6/6
    66 | D:1      | Found a faded altar of an unknown god.
    89 | D:1      | Got Plato's Cyclopedia of Bruises
   141 | D:1      | Reached XP level 2. HP: 26/26 MP: 7/7
   383 | D:1      | Reached skill level 5 in Spellcasting
   383 | D:1      | Reached XP level 3. HP: 25/31 MP: 7/9
   893 | D:2      | Reached skill level 1 in Invocations
  1236 | D:2      | Reached skill level 1 in Short Blades
  1236 | D:2      | Reached skill level 1 in Axes
  1236 | D:2      | Reached skill level 1 in Maces & Flails
  1236 | D:2      | Reached skill level 1 in Polearms
  1236 | D:2      | Reached skill level 1 in Staves
  1236 | D:2      | Reached skill level 1 in Ranged Weapons
  1236 | D:2      | Reached skill level 1 in Stealth
  1236 | D:2      | Reached skill level 1 in Shields
  1236 | D:2      | Reached skill level 1 in Unarmed Combat
  1236 | D:2      | Reached skill level 1 in Evocations
  1799 | D:3      | Reached XP level 4. HP: 36/38 MP: 11/11
  1851 | D:3      | Found a glowing drain.
  1905 | D:3      | Noticed Robin
  1936 | D:3      | Reached skill level 1 in Conjurations
  1936 | D:3      | Reached skill level 1 in Hexes
  1936 | D:3      | Reached skill level 1 in Summonings
  1936 | D:3      | Reached skill level 1 in Necromancy
  1936 | D:3      | Reached skill level 1 in Transmutations
  1936 | D:3      | Reached skill level 1 in Fire Magic
  1936 | D:3      | Reached skill level 1 in Ice Magic
  1936 | D:3      | Reached skill level 1 in Air Magic
  1936 | D:3      | Reached skill level 1 in Earth Magic
  1936 | D:3      | Reached skill level 1 in Poison Magic
  1948 | D:3      | Killed Robin
  2095 | Sewer    | Entered a sewer
  2125 | Sewer    | Reached XP level 5. HP: 19/43 MP: 12/12
  2362 | Sewer    | Learned a level 2 spell: Blink
  2393 | Sewer    | Learned a level 3 spell: Teleport Other
  2480 | Sewer    | Reached XP level 6. HP: 29/50 MP: 14/14
  2815 | D:3      | Noticed a black bear
  2822 | D:3      | Killed a black bear
  2823 | D:3      | Reached skill level 5 in Fighting
  2823 | D:3      | Reached skill level 5 in Long Blades
  2823 | D:3      | Reached skill level 5 in Dodging
  2833 | D:3      | Found Nuatz's Assorted Antiques.
  2911 | D:3      | Noticed Terence
  2923 | D:3      | Killed Terence
  3072 | D:3      | Found an ancient bone altar of Kikubaaqudgha.
  3308 | D:4      | Noticed Grinder
  3317 | D:4      | Paralysed by Grinder for 2 turns
  3325 | D:4      | Killed Grinder
  3326 | D:4      | Reached XP level 7. HP: 21/56 MP: 15/15
  3599 | D:4      | Noticed Edmund
  3664 | D:4      | Noticed Pikel
  3887 | D:4      | Reached XP level 8. HP: 49/63 MP: 16/16
  3898 | D:4      | Noticed Ijyb
  3906 | D:4      | Killed Ijyb
  4109 | D:4      | Killed Edmund
  4731 | D:4      | Killed Pikel
  4732 | D:4      | Reached XP level 9. HP: 53/69 MP: 18/18
  4883 | D:5      | Entered Level 5 of the Dungeon
  5169 | D:5      | Noticed Menkaure
  5175 | D:5      | Killed Menkaure
  5212 | D:5      | Reached skill level 5 in Throwing
  5212 | D:5      | Reached skill level 5 in Armour
  5559 | D:5      | Noticed Duvessa
  5559 | D:5      | Noticed Dowan
  5563 | D:5      | Killed Duvessa
  5581 | D:5      | Killed Dowan
  5582 | D:5      | Reached skill level 5 in Invocations
  5977 | D:5      | Found a hide-covered altar of Uskayaw.
  6304 | D:6      | Found a staircase to the Ecumenical Temple.
  6328 | Temple   | Entered the Ecumenical Temple
  6566 | Temple   | Became a worshipper of Makhleb the Destroyer
  6662 | D:6      | Reached skill level 5 in Short Blades
  6662 | D:6      | Reached skill level 5 in Axes
  6662 | D:6      | Reached skill level 5 in Maces & Flails
  6662 | D:6      | Reached skill level 5 in Polearms
  6662 | D:6      | Reached skill level 5 in Staves
  6662 | D:6      | Reached skill level 5 in Ranged Weapons
  6662 | D:6      | Reached skill level 5 in Stealth
  6662 | D:6      | Reached skill level 5 in Shields
  6662 | D:6      | Reached skill level 5 in Unarmed Combat
  6662 | D:6      | Reached skill level 5 in Evocations
  6662 | D:6      | Reached XP level 10. HP: 59/77 MP: 20/20
  7245 | D:7      | Shot with a bolt by an orc warrior

Illustrated notes

Levels and vault maps discovered:
D:1:      dpeg_arrival_stonehenge_8_columns, layout_loops_ring,
          shapermc_ecumenical_altar_rom_forum
D:2:      layout_loops_ring, serial_bayou_lake_a
D:3:      layout_loops_ring, kennysheep_vampire_church, serial_shops,
          nicolae_diamond_shop, portal_sewer_entry_c, uniq_terence, uniq_robin
D:4:      layout_loops_ring, st_stairs_5, serial_bayou_pond_a, uniq_edmund,
          uniq_pikel, uniq_ijyb, uniq_grinder
D:5:      dreamdust_elfheim, layout_basic, kennysheep_little_box, uniq_menkaure
D:6:      layout_loops_ring, temple_pool_b
D:7:      layout_rooms, kennysheep_slug_shrine, general_overflow_altar,
          uniq_joseph
Temple:   chequers_temple_sunken

Skill      XL: |  1  2  3  4  5  6  7  8  9 10 |
---------------+-------------------------------+-----
Spellcasting   | 5 6 7 |  7.2
Invocations    | 1 2 3 4 5 |  5.6
Short Blades   | 1 2 3 5 |  5.1
Axes           | 1 2 3 5 |  5.1
Maces & Flails | 1 2 3 5 |  5.1
Polearms       | 1 2 3 5 |  5.1
Staves         | 1 2 3 5 |  5.1
Ranged Weapons | 1 2 3 5 |  5.1
Stealth        | 1 2 3 5 |  5.1
Shields        | 1 2 3 5 |  5.1
Unarmed Combat | 1 2 3 5 |  5.1
Evocations     | 1 2 3 5 |  5.1
Conjurations   | 1 2 3 4 |  4.2
Hexes          | 1 2 3 4 |  4.2
Summonings     | 1 2 3 4 |  4.2
Necromancy     | 1 2 3 4 |  4.2
Transmutations | 1 2 3 4 |  4.2
Fire Magic     | 1 2 3 4 |  4.2
Ice Magic      | 1 2 3 4 |  4.2
Air Magic      | 1 2 3 4 |  4.2
Earth Magic    | 1 2 3 4 |  4.2
Poison Magic   | 1 2 3 4 |  4.2
Throwing       | 3 4 5 |  5.8
Armour         | 3 4 5 |  5.8
Fighting       | 5 6 |  6.9
Long Blades    | 5 6 |  6.9
Dodging        | 5 6 |  6.9
Translocations | 6 7 |  7.0

Action                     |  1- 3 |  4- 6 |  7- 9 | 10-12 || total
---------------------------+-------+-------+-------+-------++-------
  Melee: Falchion          |   124 |       |       |       ||   124
         Bite              |    19 |    27 |    41 |     3 ||    90
         Punch             |     3 |     2 |    12 |     1 ||    18
         Short sword       |    65 |    69 |       |       ||   134
         Dagger            |       |   219 |   314 |    29 ||   562
  Evoke: Wand              |       |       |     1 |       ||     1
    Use: Scroll            |     7 |     3 |     8 |     1 ||    19
         Potion            |       |     2 |       |       ||     2
   Stab: Sleeping          |     1 |     1 |    10 |     2 ||    14
 Armour: Leather armour    |    39 |       |    38 |     5 ||    82
         Ring mail         |     2 |   138 |    18 |       ||   158
  Dodge: Dodged            |   135 |   215 |   175 |    23 ||   548

Table legend: (Time is in decaauts)
 A = Elapsed time spent in this place.
 B = Non-inter-level travel time spent in this place.
 C = Inter-level travel time spent in this place.
 D = Time resting spent in this place.
 E = Time spent auto-exploring this place.
 F = Levels seen in this place.
 G = Mean time per level.
                   A        B        C        D        E       F      G
               +--------+--------+--------+--------+--------+-----+--------+
         Total |   7251 |   7032 |    219 |   1224 |   3967 |   9 |  805.7 |
       Dungeon |   6464 |   6271 |    193 |   1066 |   3761 |   7 |  923.4 |
        Temple |    264 |    238 |     26 |      0 |    184 |   1 |  264.0 |
         Sewer |    522 |    522 |      0 |    158 |     22 |   1 |  522.0 |
               +--------+--------+--------+--------+--------+-----+--------+

Top non-repeatable levels by time:
     D:4: 1629 daAuts
     D:5: 1254 daAuts
     D:2: 1009 daAuts
     D:3: 894 daAuts
     D:1: 885 daAuts
     D:6: 770 daAuts
   Sewer: 522 daAuts
  Temple: 264 daAuts
     D:7: 21 daAuts
